 Dungeon Crawl Stone Soup version 0.29-a0-483-g69413ace17 (webtiles) character file.

Game seed: 6689148811978457984

37 oldark the Firebug (level 3, 0/29 HPs)
             Began as a Human Cinder Acolyte on May 26, 2022.
             Was a High Priest of Ignis.
             Slain by Crazy Yiuf
             ... wielding a +2 quarterstaff of chaos
              (18 damage)
             ... on level 2 of the Dungeon.
             The game lasted 00:04:29 (1647 turns).

oldark the Firebug (Human Cinder Acolyte)           Turns: 1647, Time: 00:04:30

Health: 0/29       AC:  2    Str: 14    XL:     3   Next: 60%
Magic:  1/5        EV: 11    Int: 16    God:    Ignis [*****.]
Gold:   97         SH:  0    Dex:  8    Spells: 3/5 levels left

rFire   + . .      SeeInvis .   a - -1 short sword (flame)
rCold   . . .      Faith    .   (no shield)
rNeg    . . .      Spirit   .   b - +0 robe
rPois   .          Reflect  .   (no helmet)
rElec   .          Harm     .   (no cloak)
rCorr   .          Rampage  .   (no gloves)
Will    .....                   (no boots)
Stlth   +.........              (no amulet)
HPRegen 0.09/turn               f - ring of wizardry
MPRegen 0.09/turn               (no ring)

@: mighty
A: no striking features
a: Renounce Religion, Fiery Armour, Foxfire Swarm, Rising Flame


You were on level 2 of the Dungeon.
You worshipped Ignis.
Ignis was extremely pleased with you.
You visited 1 branch of the dungeon, and saw 2 of its levels.

You collected 97 gold pieces.

Inventory:

Hand Weapons
 a - a -1 short sword of flaming (weapon)
Armour
 b - a +0 robe (worn)
Jewellery
 e - an amulet of guardian spirit
 f - a ring of wizardry (left hand)
Scrolls
 c - a scroll of silence {unknown}
 d - a scroll of blinking {unknown}
 g - a scroll of fear {unknown}
 j - a scroll of amnesia {unknown}
 k - a scroll of identify {unknown}
 m - a scroll of teleportation {unknown}
Potions
 h - 5 potions of curing {unknown}
 i - a potion of degeneration {unknown}
 l - a potion of might {unknown}


   Skills:
 - Level 3.1 Fighting
 - Level 3.1 Short Blades
 + Level 1.7 Spellcasting
 * Level 3.7 Fire Magic


You had 3 spell levels left.
You knew the following spells:

 Your Spells              Type           Power      Damage    Failure   Level
a - Scorch                Fire           26%        2d6       2%          2

Your spell library contained the following spells:

 Spells                   Type           Power      Damage    Failure   Level
 Summon Forest            Summ/Tloc      0%         N/A       90%         5
 Starburst                Conj/Fire      3%         6d3       99%         6
 Malign Gateway           Summ/Tloc      0%         N/A       100%        7


Dungeon Overview and Level Annotations

Branches:
Dungeon (2/15)

Altars:
Yredelemnul

Annotations:
D:2 Crazy Yiuf


Message History

An adder comes into view.
The adder hisses angrily.
Casting: Scorch (safe; 3% risk of failure)
Confirm with . or Enter, or press ? or * to list all spells.
Flames lash the adder.
The adder is heavily wounded.
The adder's fire resistance burns away.
Casting: Scorch (safe; 3% risk of failure)
Confirm with . or Enter, or press ? or * to list all spells.
Flames lash the adder.
The adder is burned terribly!
You kill the adder!
Found a mace.
Found a mace.
You see here a +0 mace.
Found two maces.
Found a runed translucent door.
You see here a +0 mace.
Found a glowing mace.
Crazy Yiuf shouts!
Crazy Yiuf waves his quarterstaff at you.
You see here a +0 mace.
Found two maces.
Crazy Yiuf twirls on the spot.
Casting: Scorch (safe; 2% risk of failure)
Confirm with . or Enter, or press ? or * to list all spells.
You can't see any susceptible monsters within range! (Use Z to cast anyway.)
You open the door.
Casting: Scorch (safe; 2% risk of failure)
Confirm with . or Enter, or press ? or * to list all spells.
Flames lash Crazy Yiuf.
Crazy Yiuf is moderately wounded.
Crazy Yiuf's fire resistance burns away.
Crazy Yiuf hits you with a +2 quarterstaff of chaos!
You feel very mighty all of a sudden.
Casting: Scorch (safe; 2% risk of failure)
Confirm with . or Enter, or press ? or * to list all spells.
Flames lash Crazy Yiuf.
Crazy Yiuf is burned terribly!
Crazy Yiuf is severely wounded.
Crazy Yiuf hits you with a +2 quarterstaff of chaos!!
Ouch! That really hurt!
You die...

### ♣♣#### ########## #)..#♣♣
♣♣....## .......>.#
#.).g@♣♣♣♣......# .........#
#)).#♣.)♣)......# .........# ###
♣♣♣)♣......# .........#
♣♣♣♣♣##.## .........# #.#
.........################.#######
.................................
.........###########...##########
.......).##### #..###


You could see Crazy Yiuf (combustible).

Vanquished Creatures
  An adder (D:2)
  2 dart slugs (D:1)
  3 ball pythons (D:1)
  3 endoplasms (D:1)
  A giant cockroach (D:1)
  3 hobgoblins (D:2)
  A quokka (D:1)
  A bat (D:1)
  2 frilled lizards
  3 goblins
  A kobold (D:1)
  3 rats (D:1)
24 creatures vanquished.

Notes
Turn   | Place    | Note
-------+----------+-------------------------------------------
     0 | D:1      | oldark the Human Cinder Acolyte began the quest for the
                  | Orb.
     0 | D:1      | Reached XP level 1. HP: 18/18 MP: 2/2
    99 | D:1      | Reached XP level 2. HP: 18/24 MP: 3/3
   176 | D:1      | Learned a level 2 spell: Scorch
  1075 | D:1      | Reached XP level 3. HP: 29/29 MP: 0/5
  1329 | D:2      | Found a basalt altar of Yredelemnul.
  1434 | D:2      | Got the Compendium of the Harmful Voyage
  1533 | D:2      | Found a faded altar of an unknown god.
  1641 | D:2      | Found a runed translucent door.
  1642 | D:2      | Noticed Crazy Yiuf
  1647 | D:2      | Slain by Crazy Yiuf

Illustrated notes

Levels and vault maps discovered:
D:1:      dpeg_arrival_connections, layout_loops_ring,
          chequers_serial_rivers_small_a
D:2:      layout_rooms, basic_altar, dreamdust_ecumenical_altar_statues,
          uniq_crazy_yiuf_cottage

Action                   || total
-------------------------++-------
Melee: Short sword       ||    52
       Punch             ||     1
 Cast: Scorch            ||    14
Armor: Robe              ||    13
Dodge: Dodged            ||    40

Table legend: (Time is in decaauts)
 A = Elapsed time spent in this place.
 B = Non-inter-level travel time spent in this place.
 C = Inter-level travel time spent in this place.
 D = Time resting spent in this place.
 E = Time spent auto-exploring this place.
 F = Levels seen in this place.
 G = Mean time per level.
                   A        B        C        D        E       F      G
               +--------+--------+--------+--------+--------+-----+--------+
         Total |   1645 |   1601 |     44 |    460 |    962 |   2 |  822.5 |
       Dungeon |   1645 |   1601 |     44 |    460 |    962 |   2 |  822.5 |
               +--------+--------+--------+--------+--------+-----+--------+

Top non-repeatable levels by time:
     D:1: 1328 daAuts
     D:2: 317 daAuts
